 Dungeon Crawl Stone Soup version 0.30.1-4-g462c640d31 (webtiles) character file.

Game seed: 3392110575573071554

26889 Amplified the Fighter (level 13, -4/109 HPs)
             Began as a Demonspawn Delver on Sept 10, 2023.
             Was a High Priest of Kikubaaqudgha.
             Slain by Rupert
             ... wielding a +2 vampiric executioner's axe
              (8 damage)
             ... on level 12 of the Dungeon.
             The game lasted 00:24:19 (14821 turns).

Amplified the Fighter (Demonspawn Delver)          Turns: 14821, Time: 00:24:20

Health: -4/109     AC: 17    Str: 17    XL:     13   Next: 1%
Magic:  13/13      EV: 12    Int: 12    God:    Kikubaaqudgha [*****.]
Gold:   1089       SH:  0    Dex: 15    Spells: 5/12 levels left

rFire   + . .        a - +5 broad axe (elec)
rCold   + . .        (no shield)
rNeg    + . .        z - +0 steam dragon scales
rPois   +            m - +2 helmet {rF+}
rElec   .            J - scarf {shadows}
rCorr   .            (gloves unavailable)
SInv    .            v - +1 pair of boots
Will    +....        (no amulet)
Stlth   +++          I - ring "Ziulu" {rPois rC+ rN+ Will+ AC+4}
HPRegen 0.38/turn    h - +4 ring of slaying
MPRegen 0.13/turn

%: no passive effects
@: mighty, hasted, very quick
A: claws 3, demonic guardian 2, spiny 3
a: Renounce Religion, Unearth Wretches, Torment


You were on level 12 of the Dungeon.
You worshipped Kikubaaqudgha.
Kikubaaqudgha was extremely pleased with you.
You visited 4 branches of the dungeon, and saw 17 of its levels.
You also visited: Ossuary.

You collected 1433 gold pieces.
You spent 344 gold pieces at shops.

Inventory:

Hand Weapons
 a - a +5 broad axe of electrocution (weapon)
 j - a +4 dagger of venom
Armour
 m - a +2 helmet of fire resistance (worn)
 v - a +1 pair of boots (worn)
 z - +0 steam dragon scales (worn)
 J - a scarf of shadows (worn)
Magical Staves
 d - a staff of earth
Jewellery
 b - a +4 ring of protection
 c - a ring of ice
 h - a +4 ring of slaying (right claw)
 p - a +4 ring of protection
 I - the ring "Ziulu" (left claw) {rPois rC+ rN+ Will+ AC+4}
   (You took it off a centaur on level 9 of the Dungeon)

   [ring of protection]

   AC:        It affects your AC (+4).
   rC:        It protects you from cold.
   rPois:     It protects you from poison.
   rN:        It protects you from negative energy.
   Will:      It increases your willpower.
 L - a +6 ring of intelligence
 M - a ring of poison resistance
Wands
 g - a wand of digging (7)
 s - a wand of polymorph (9)
 x - a wand of flame (9)
 H - a wand of roots (6)
 K - a wand of mindburst (6)
Scrolls
 e - a scroll of fear
 o - 4 scrolls of amnesia
 t - 9 scrolls of teleportation
 A - 3 scrolls of immolation
 E - a scroll of poison
 F - a scroll of magic mapping
Potions
 f - 2 potions of haste
 i - 2 potions of resistance
 k - 3 potions of flight
 l - 5 potions of lignification
 q - 2 potions of ambrosia
 r - 2 potions of mutation {unknown}
 u - 3 potions of attraction {unknown}
 w - a potion of magic {unknown}
 B - 2 potions of might
 C - a potion of brilliance
 D - a potion of experience {unknown}
Miscellaneous
 G - a phial of floods (inert)
 N - a condenser vane (inert)


   Skills:
 * Level 12.3 Fighting
 - Level 6.2 Long Blades
 * Level 9.3 Axes
 * Level 10.8 Armour
 - Level 1.7 Dodging
 - Level 4.5 Stealth
 * Level 9.4 Necromancy


You had 5 spell levels left.
You knew the following spells:

 Your Spells              Type           Power      Damage    Failure   Level
a - Confusing Touch       Hex            0%         N/A       69%         3
b - Dispel Undead         Necr           22%        3d12      7%          4

Your spell library contained the following spells:

 Spells                   Type           Power      Damage    Failure   Level
 Necrotise                Necr           88%        1d8       1%          1
 Sublimation of Blood     Necr           22%        N/A       1%          2
 Vampiric Draining        Necr           22%        2d7       1%          3
 Kiss of Death            Conj/Necr      44%        2d8       4%          1
 Animate Dead             Necr           22%        N/A       7%          4
 Agony                    Necr           22%        N/A       19%         5
 Apportation              Tloc           0%         N/A       32%         1
 Slow                     Hex            0%         N/A       32%         1
 Summon Small Mammal      Summ           0%         N/A       32%         1
 Dazzling Flash           Conj/Hex       0%         N/A       69%         3
 Vhi's Electric Charge    Tloc/Air       0%         N/A       69%         3
 Volatile Blastmotes      Fire/Tloc      0%         2d10      69%         3
 Borgnjor's Vile Clutch   Necr/Erth      5%         N/A       80%         5
 Iskenderun's Mystic Bla  Conj/Tloc      0%         2d3       97%         4
 Leda's Liquefaction      Hex/Erth       0%         N/A       97%         4
 Summon Ice Beast         Ice/Summ       0%         N/A       97%         4
 Iskenderun's Battlesphe  Conj           0%         2d6       100%        5
 Summon Mana Viper        Hex/Summ       0%         N/A       100%        5
 Death Channel            Necr           11%        N/A       71%         6
 Iron Shot                Conj/Erth      0%         9d1       100%        6
 Simulacrum               Ice/Necr       5%         N/A       100%        6
 Starburst                Conj/Fire      0%         6d3       100%        6
 Monstrous Menagerie      Summ           0%         N/A       100%        7
 Spellforged Servitor     Conj/Summ      0%         N/A       100%        7
 Storm Form               Tmut/Air       0%         N/A       100%        7


Dungeon Overview and Level Annotations

Branches:
Dungeon (12/15)            Temple (1/1) D:6            Lair (2/5) D:11
 Shoals (0/4) Lair:2          Orc (2/2) D:10            Elf (0/3) Orc:2
Ossuary (visited)
  Snake: Lair:2-3    Spider: Lair:2-3

Altars:
Ashenzari
Cheibriados
Dithmenos
Fedhas
Gozag
Hepliaklqana
Kikubaaqudgha
Makhleb
Nemelex Xobeh
Okawaru
Qazlal
Ru
Sif Muna
Trog
Uskayaw
Vehumet
Wu Jian
Xom
Yredelemnul

Shops:
D:1 *   D:12 *

Annotations:
D:12 Rupert


Innate Abilities, Weirdness & Mutations

You have claws for hands.
A demonic guardian rushes to your aid.
You are completely covered in sharp spines.


Message History

The grasping roots constrict Rupert.
The boulder beetle leaps!
Rupert looks as sick as possible!
Rupert struggles to escape constriction.
Unknown command.
Aiming: Mindburst
Press: ? - help, Shift-Dir - straight line, f/p - Rupert
Aim: Rupert, wielding a +2 vampiric executioner's axe and wearing a +0 chain mail (poison gas, severely wounded, berserk, extremely poisoned, constricted by roots, chance to affect: 6%) Rupert resists with almost no effort.
The grasping roots constrict Rupert.
Rupert is engulfed in poison gas.
Rupert looks as sick as possible!
Rupert escapes!
Unknown command.
Aiming: Fastroot
Press: ? - help, Shift-Dir - straight line, f/p - Rupert
Aim: Rupert, wielding a +2 vampiric executioner's axe and wearing a +0 chain mail (poison gas, severely wounded, berserk, extremely poisoned)
The roots erupt in riotous growth!
Roots grab Rupert.
The grasping roots constrict Rupert.
Rupert is engulfed in poison gas.
Rupert looks as sick as possible!
Rupert escapes!
Unknown command.
Okay, then.
Okay, then.
Unknown command.
Rupert attacks as you move away! Rupert is struck by your spines.
Rupert hits you with a +2 vampiric executioner's axe!!
* * * LOW HITPOINT WARNING * * *
Rupert draws strength from your wounds!
Found 13 gold pieces.
Rupert hits you with a +2 vampiric executioner's axe!
* * * LOW HITPOINT WARNING * * *
Unknown command.
Okay, then.
Okay, then.
Cast which spell? (? or * to list)
Okay, then.
Okay, then.
You slice Rupert!!
Rupert is almost dead.
The boulder beetle curls into a ball and begins rolling!
Rupert hits you with a +2 vampiric executioner's axe!
You die...
Kikubaaqudgha rasps: "You have failed me!
Welcome... death!"

#...................,,,^,,,,,,**
.......§...........#*****,,,*,,*
##................>#*****,,,,,,**
*#......#.).........,,,,,,,,,,,,,
,.>......#○°........,,,,,,,,,,***
,........##°°......#*****,,,,,* *
*#.......###°°.....## *,,,,,*
*##..$..## ##..###..# ******* *
##...#* ##.@@...# ####*
####...#*** *$.....* *..###.*****
*B.# *,,,,,*
*****************#.#**,,,,,******
,,,,,,,,,,,,,,,,,,..,,,,,,,,,,,,,
**********************,,,,,******
*******


You could see Rupert (berserk, extremely poisoned) and a boulder beetle
(rolling).

Vanquished Creatures
  A boulder beetle (D:9)
  4 two-headed ogres
  3 death yaks (Lair:2)
  Nergalle (D:12)
  An ugly thing (D:9)
  3 cyclopes
  2 black mambas (Lair:2)
  5 cane toads
  2 gargoyles
  2 unseen horrors
  Psyche (D:8)
  A kobold demonologist (D:11)
  2 rime drakes
  3 komodo dragons
  3 trolls
  A hornet (Lair:2)
  A queen bee (D:10)
  A polar bear (Lair:2)
  5 blink frogs (Lair:1)
  A vampire (D:9)
  Eustachio (D:4)
  Sigmund (D:2)
  A human (shapeshifter) (D:9)
  A wyvern (Lair:2)
  2 wraiths
  Grum (D:11)
  21 yaks
  A basilisk (D:9)
  Menkaure (D:6)
  An acid dragon (D:11)
  Edmund (D:4)
  Duvessa (D:5)
  8 water moccasins
  9 orc warriors
  3 ice beasts
  A sky beast (D:6)
  A black bear (D:4)
  8 ogres
  10 centaurs
  5 wolves
  2 phantoms (D:5)
  4 kobold brigands
  10 bullfrogs
  3 scorpions
  12 wights
  17 killer bees (D:10)
  3 howler monkeys
  3 lava snakes (D:10)
  3 hounds
  A human zombie (D:7)
  13 orc priests
  3 jellies
  An iguana (D:4)
  Ijyb (D:3)
  14 orc wizards
  8 mummies (Ossuary)
  Robin (D:3)
  4 adders
  An ufetubus (D:4)
  4 worms
  4 dart slugs
  61 orcs
  5 ball pythons
  5 endoplasms (D:1)
  3 giant cockroaches
  13 goblins
  7 hobgoblins
  12 kobolds
  5 quokkas
  5 bats
  5 frilled lizards
  2 gnoll zombies (Ossuary)
  2 hobgoblin zombies (Ossuary)
  3 kobold zombies (Ossuary)
  An orc zombie (Ossuary)
  10 rats
372 creatures vanquished.

Vanquished Creatures (collateral kills)
  A yak (D:10)
1 creature vanquished.

Vanquished Creatures (others)
  A wizard (D:9)
  A yak (D:12)
2 creatures vanquished.

Grand Total: 375 creatures vanquished

Notes
Turn   | Place    | Note
-------+----------+-------------------------------------------
     0 | D:5      | Amplified the Demonspawn Delver began the quest for the
                  | Orb.
     0 | D:5      | Reached XP level 1. HP: 18/18 MP: 1/1
    43 | D:5      | Noticed Duvessa
    43 | D:5      | Noticed Dowan
    43 | D:5      | Noticed a hound
    57 | D:4      | Noticed Eustachio
   146 | D:2      | Gained mutation: You are partially covered in sharp spines.
                  | [demonic ancestry]
   146 | D:2      | Reached XP level 2. HP: 11/24 MP: 2/2
   389 | D:2      | Gained mutation: A weak demonic guardian rushes to your
                  | aid. [demonic ancestry]
   389 | D:2      | Reached XP level 3. HP: 24/29 MP: 3/3
   485 | D:1      | Found Ysojav's General Store.
  1353 | D:2      | Reached XP level 4. HP: 33/37 MP: 4/4
  1387 | D:2      | Reached skill level 4 in Fighting
  1402 | D:2      | Noticed Sigmund
  1427 | D:2      | Killed Sigmund
  1428 | D:2      | Gained mutation: You are mostly covered in sharp spines.
                  | [demonic ancestry]
  1428 | D:2      | Reached XP level 5. HP: 29/43 MP: 5/5
  1787 | D:3      | Found a shadowy altar of Dithmenos.
  1927 | D:3      | Gained mutation: You have sharp fingernails. [demonic
                  | ancestry]
  1927 | D:3      | Reached XP level 6. HP: 46/50 MP: 6/6
  2075 | D:3      | Noticed Ijyb
  2075 | D:3      | Noticed Robin
  2091 | D:3      | Paralysed by Ijyb for 2 turns
  2091 | D:3      | Killed Robin
  2097 | D:3      | Killed Ijyb
  2487 | D:4      | Reached skill level 5 in Fighting
  2547 | D:4      | Killed Eustachio
  2585 | D:4      | Gained mutation: You have very sharp fingernails. [demonic
                  | ancestry]
  2585 | D:4      | Reached XP level 7. HP: 50/56 MP: 7/7
  2873 | D:4      | Identified the +2 leather armour of Uskayaw's Condemnation
                  | {-Tele rC++ Str+2 Dex+3}
  3173 | D:4      | Noticed Edmund
  3189 | D:4      | Killed Edmund
  3355 | D:4      | Reached skill level 6 in Fighting
  3355 | D:4      | Reached skill level 5 in Long Blades
  3625 | D:5      | Reached XP level 8. HP: 64/64 MP: 8/8
  3673 | D:5      | Killed Duvessa
  3675 | D:5      | Dowan changed into Dowan the goblin
  3675 | D:5      | Noticed Dowan
  3678 | D:5      | Killed Dowan the goblin
  4016 | D:5      | Reached skill level 5 in Armour
  4559 | D:6      | Reached skill level 7 in Fighting
  4794 | D:6      | Found a staircase to the Ecumenical Temple.
  4803 | Temple   | Entered the Ecumenical Temple
  5121 | D:6      | Noticed Maggie
  5123 | D:6      | Maggie changed into Maggie the wolf
  5123 | D:6      | Noticed Maggie
  5128 | D:6      | Killed Maggie the wolf
  5238 | D:6      | Found an ancient bone altar of Kikubaaqudgha.
  5251 | D:6      | Noticed Menkaure
  5260 | D:6      | Killed Menkaure
  5261 | D:6      | Reached skill level 1 in Axes
  5278 | D:6      | Became a worshipper of Kikubaaqudgha
  5315 | D:7      | Gained mutation: You have claws for hands. [demonic
                  | ancestry]
  5315 | D:7      | Reached XP level 9. HP: 72/72 MP: 9/9
  5339 | D:7      | Found an ornate altar of the Wu Jian Council.
  5406 | D:7      | Found an opulent altar of Gozag.
  5444 | D:7      | Found a sand-covered staircase.
  5458 | Ossuary  | Entered an ossuary
  5480 | Ossuary  | Learned a level 3 spell: Confusing Touch
  5607 | Ossuary  | Reached * piety under Kikubaaqudgha
  5607 | Ossuary  | Received a gift from Kikubaaqudgha
  5967 | D:7      | Reached skill level 8 in Fighting
  6600 | D:8      | Found a blossoming altar of Fedhas.
  6642 | D:8      | Found a snail-covered altar of Cheibriados.
  6800 | D:8      | Noticed Psyche
  6813 | D:8      | Paralysed by something for 5 turns
  6823 | D:8      | Killed Psyche
  6930 | D:8      | Reached ** piety under Kikubaaqudgha
  7038 | D:8      | Found a shimmering altar of Xom.
  7057 | D:8      | Found an iron altar of Okawaru.
  7270 | D:8      | Noticed a two-headed ogre
  7278 | D:8      | Killed a two-headed ogre
  7279 | D:8      | Reached skill level 9 in Fighting
  7409 | D:9      | Reached XP level 10. HP: 65/83 MP: 10/10
  7482 | D:9      | Reached skill level 1 in Necromancy
  7832 | D:9      | Reached skill level 5 in Axes
  8336 | D:9      | Got the Anthology of Excavation and the Squall
  8460 | D:9      | Noticed a boulder beetle
  8553 | D:9      | Killed a boulder beetle
  8671 | D:9      | Noticed a cyan ugly thing
  8680 | D:9      | Killed a cyan ugly thing
  8681 | D:9      | Reached skill level 10 in Fighting
  8872 | D:9      | Identified the ring "Ziulu" {rPois rC+ rN+ Will+ AC+4}
  8910 | D:9      | Found a bloodstained altar of Trog.
  8913 | D:9      | Noticed a wizard
  8917 | D:9      | Killed a wizard
  8964 | D:10     | Entered Level 10 of the Dungeon
  8980 | D:10     | Reached XP level 11. HP: 74/90 MP: 11/11
  9052 | D:10     | Reached *** piety under Kikubaaqudgha
  9052 | D:10     | Received a gift from Kikubaaqudgha
  9058 | D:10     | Learned a level 4 spell: Dispel Undead
  9370 | D:10     | Reached skill level 5 in Necromancy
  9511 | D:10     | Noticed a two-headed ogre
  9541 | D:10     | Killed a two-headed ogre
 10031 | D:10     | Reached **** piety under Kikubaaqudgha
 10040 | D:10     | Found a staircase to the Orcish Mines.
 10451 | D:12     | Noticed Nergalle
 10480 | D:12     | Killed Nergalle
 10503 | D:12     | Reached skill level 11 in Fighting
 10661 | D:12     | Found Enava's Fire Supplies.
 10836 | D:12     | Bought a +2 helmet of fire resistance for 344 gold pieces
 10873 | D:12     | Noticed Rupert
 10982 | D:11     | Noticed a two-headed ogre
 10988 | D:11     | Noticed Grum
 11151 | D:11     | Killed a two-headed ogre
 11169 | D:11     | Killed Grum
 11186 | D:11     | Gained mutation: You are completely covered in sharp
                  | spines. [demonic ancestry]
 11186 | D:11     | Reached XP level 12. HP: 41/100 MP: 12/12
 11215 | D:11     | Found a staircase to the Lair.
 11774 | D:11     | Reached ***** piety under Kikubaaqudgha
 12273 | Lair:1   | Entered Level 1 of the Lair of Beasts
 12273 | Lair:1   | You fall into a shaft and drop 1 floor!
 12355 | Lair:2   | Reached skill level 10 in Armour
 13259 | Lair:2   | Found a staircase to the Shoals.
 13557 | Lair:2   | Noticed a death yak
 13560 | Lair:2   | Reached skill level 12 in Fighting
 13568 | Lair:2   | Noticed a death yak
 13569 | Lair:2   | Noticed a death yak
 13570 | Lair:2   | Noticed a death yak
 13570 | Lair:2   | Noticed a death yak
 13571 | Lair:2   | Noticed a death yak
 13585 | Lair:2   | Killed a death yak
 13589 | Lair:2   | Killed a death yak
 13592 | Lair:2   | Killed a death yak
 13923 | Orc:1    | Entered Level 1 of the Orcish Mines
 13942 | Orc:1    | Found a radiant altar of Vehumet.
 14150 | Orc:2    | Entered Level 2 of the Orcish Mines
 14169 | Orc:2    | Found a staircase to the Elven Halls.
 14701 | D:12     | Noticed a two-headed ogre
 14702 | D:12     | Killed a two-headed ogre
 14703 | D:12     | Gained mutation: A demonic guardian rushes to your aid.
                  | [demonic ancestry]
 14703 | D:12     | Reached XP level 13. HP: 74/109 MP: 13/13
 14820 | D:12     | HP: 4/109 [Rupert/+2 vampiric executioner's axe (8)]
 14821 | D:12     | Slain by Rupert

Illustrated notes

Levels and vault maps discovered:
D:1:      matt_arrival_diagonals, layout_basic, serial_shops,
          nicolae_shop_advertising_works [nicolae_subvault_shop_adworks]
D:2:      layout_basic, uniq_sigmund
D:3:      layout_basic, overflow_temple_1_default, nicolae_goblin_pals,
          uniq_robin
D:4:      layout_basic, zin_statuary, mainiacjoe_overflow_alcove_4, uniq_ijyb,
          uniq_eustachio, uniq_edmund
D:5:      layout_loops_corners, chequers_serial_rivers_large_a, uniq_duvessa
D:6:      layout_loops_cross, general_overflow_altar, lemuel_temple_firewalk_b,
          uniq_menkaure, uniq_maggie
D:7:      layout_basic, grunt_gozag_breadcrumbs,
          mainiacjoe_overflow_small_starburst, enter_ossuary_3
D:8:      layout_basic, kennysheep_little_box, mainiacjoe_overflow_boulevard,
          cheibrodos_worm_habitat, amcnicky_altar_gilded, uniq_psyche
D:9:      nzn_winding_woodlands_small
          [nzn_winding_woodlands_5x15_pathside_ponds,
          nzn_winding_woodlands_center_triple_pond,
          nzn_winding_woodlands_5x15_split_checker], layout_irregular_city,
          trog_wizard
D:10:     layout_big_octagon, david_orc_3, minivault_7
D:11:     layout_basic, due_lair_maze_entry_diamond, st_stairs_12, minivault_22,
          minmay_sticks_and_stones, uniq_grum
D:12:     layout_rooms, nicolae_shop_fire_sale [nicolae_sub_dead_trees],
          minivault_4, uniq_rupert, uniq_nergalle
Temple:   grunt_temple_mini_profane
Lair:1:   layout_cave_shapes
Lair:2:   wad_woods_structure_01, layout_regular_city,
          minmay_shoals_entry_beasts, pdpol_lair_cavern_descent, uniq_sonja
Orc:1:    layout_caves, basic_altar
Orc:2:    kennysheep_orc_mage_school, layout_caves, uniq_erolcha

Skill      XL: |  1  2  3  4  5  6  7  8  9 10 11 12 |
---------------+-------------------------------------+-----
Long Blades    | 2 3 4 5 6 |  6.2
Fighting       | 4 5 6 7 9 10 11 12 | 12.3
Armour         | 2 3 4 5 7 8 9 10 | 10.8
Axes           | 1 4 6 7 9 |  9.3
Necromancy     | 4 7 9 |  9.4
Dodging        | |  1.7
Stealth        | |  4.5

Action                     |  1- 3 |  4- 6 |  7- 9 | 10-12 | 13-15 || total
---------------------------+-------+-------+-------+-------+-------++-------
  Melee: Falchion          |    92 |       |       |       |       ||    92
         Dagger            |     5 |    55 |   283 |   544 |       ||   887
         Punch             |       |     2 |     4 |     9 |     1 ||    16
         Broad axe         |       |       |       |    84 |     7 ||    91
  Throw: Throwing net      |       |       |     2 |     1 |       ||     3
  Evoke: Wand              |       |     5 |    15 |    12 |     6 ||    38
         Phial of floods   |       |       |       |     1 |       ||     1
         Condenser vane    |       |       |       |       |     1 ||     1
    Use: Scroll            |     3 |     3 |    10 |    13 |     2 ||    31
         Potion            |       |     1 |     2 |     9 |     3 ||    15
   Stab: Sleeping          |     9 |     1 |     7 |     5 |       ||    22
         Paralysed         |       |       |     2 |     7 |       ||     9
         Distracted        |       |       |       |     4 |       ||     4
         Invisible         |       |       |       |     4 |       ||     4
         Held in net/web   |       |       |       |     1 |       ||     1
 Armour: Ring mail         |    35 |    12 |    20 |       |       ||    67
         Leather armour    |     2 |       |       |       |       ||     2
         Steam dragon scal |       |       |    52 |   260 |     3 ||   315
         Skin              |       |       |       |     3 |       ||     3
  Dodge: Dodged            |    35 |    30 |   107 |   338 |     1 ||   511
